 Dungeon Crawl Stone Soup version 0.31.0-9-g3a7656b989 (webtiles) character file.

Game seed: 3711016602458390017

81 Colgate the Poker (level 4, -1/35 HPs)
             Began as a Demonspawn Cinder Acolyte on Jan 30, 2024.
             Was a High Priest of Ignis.
             Slain by Terence
             ... wielding a +0 hand axe of electrocution
              (5 damage)
             ... on level 3 of the Dungeon.
             The game lasted 00:02:01 (2078 turns).

Colgate the Poker (Demonspawn Cinder Acolyte)       Turns: 2078, Time: 00:02:02

Health: -1/35      AC:  4    Str: 17    XL:     4   Next: 19%
Magic:  1/5        EV: 11    Int: 14    God:    Ignis [*****.]
Gold:   135        SH:  0    Dex:  8    Spells: 2/5 levels left

rFire   + + .        a - -1 spear (flame)
rCold   . . .        (no shield)
rNeg    . . .        d - +2 robe {rF+}
rPois   .            (no helmet)
rElec   .            (no cloak)
rCorr   .            (no gloves)
SInv    .            (no boots)
Will    .....        (no amulet)
Stlth   +            (no ring)
HPRegen 0.25/turn    (no ring)
MPRegen 0.09/turn

%: no passive effects
@: no status effects
A: weakness stinger 1
a: Renounce Religion, Fiery Armour, Foxfire Swarm, Rising Flame


You were on level 3 of the Dungeon.
You worshipped Ignis.
Ignis was extremely pleased with you.
You visited 1 branch of the dungeon, and saw 3 of its levels.

You collected 135 gold pieces.

Inventory:

Hand Weapons
 a - a -1 spear of flaming (weapon)
Armour
 b - a +0 robe
 d - a +2 robe of fire resistance (worn)
Jewellery
 e - a +6 ring of strength
Wands
 j - a wand of quicksilver (7) {@v1}
Scrolls
 f - 8 scrolls of identify {unknown}
 h - a scroll of blinking {unknown}
 i - 2 scrolls of noise {unknown}
 l - a scroll of enchant weapon {unknown}
 m - a scroll of teleportation {unknown}
 n - 2 scrolls of fear {unknown}
 o - a scroll of fog {unknown}
Potions
 c - 2 potions of lignification {unknown}
 g - 2 potions of degeneration {unknown}
 k - a potion of berserk rage {unknown}


   Skills:
 - Level 3.0 Fighting
 - Level 4.1 Polearms
 - Level 1.0 Spellcasting
 + Level 3.3 Fire Magic


You had 2 spell levels left.
You knew the following spells:

 Your Spells              Type           Power      Damage    Failure   Level
a - Scorch                Fire           20%        2d5       10%         2
b - Foxfire               Conj/Fire      20%        2x1d5     13%         1

Your spell library contained the following spells:

 Spells                   Type           Power      Damage    Failure   Level
 Slow                     Hex            0%         N/A       26%         1
 Confusing Touch          Hex            0%         N/A       61%         3
 Sigil of Binding         Hex            0%         N/A       61%         3
 Vampiric Draining        Necr           0%         2d6       61%         3
 Passage of Golubria      Tloc           0%         N/A       95%         4
 Silence                  Hex/Air        0%         N/A       100%        5
 Plasma Beam              Fire/Air       2%         2x1d12    100%        6
 Starburst                Conj/Fire      2%         6d3       100%        6
 Lehudib's Crystal Spear  Conj/Erth      0%         10d2      100%        8


Dungeon Overview and Level Annotations

Branches:
Dungeon (3/15)

Altars:
Hepliaklqana

Shops:
D:2 [

Annotations:
D:3 Terence


Innate Abilities, Weirdness & Mutations

You have a small tail.


Message History

Terence shouts!
Terence moves out of view.
Casting: Scorch (safe; 10% risk of failure)
Confirm with . or Enter, or press ? or * to list all spells.
You conjure some foxfire!
The foxfire hits Terence but does no damage. x2
Casting: Foxfire (safe; 13% risk of failure)
Confirm with . or Enter, or press ? or * to list all spells.
You miscast Foxfire.
You are very lightly contaminated with residual magic.
Nothing appears to happen.
Casting: Foxfire (safe; 13% risk of failure)
Confirm with . or Enter, or press ? or * to list all spells.
You conjure some foxfire!
Casting: Foxfire (safe; 13% risk of failure)
Confirm with . or Enter, or press ? or * to list all spells.
Flames lash Terence.
Terence's fire resistance burns away.
The foxfire hits Terence but does no damage. x2
You closely miss Terence. Terence barely misses you.
You closely miss Terence.
Terence hits you with a +0 hand axe of electrocution.
You closely miss Terence.
Terence is no longer more vulnerable to fire.
Terence barely misses you.
You hit Terence but do no damage. Terence closely misses you.
You hit Terence but do no damage. You tail-slap Terence.
Terence hits you with a +0 hand axe of electrocution.
Your magical contamination has completely faded away.
You hit Terence. You burn Terence.
Terence hits you with a +0 hand axe of electrocution.
You are electrocuted!!
Ouch! That really hurt!
* * * LOW HITPOINT WARNING * * *
You hit Terence but do no damage.
Terence hits you with a +0 hand axe of electrocution.
* * * LOW HITPOINT WARNING * * *
You closely miss Terence.
Your tail-slap misses Terence.
Terence hits you with a +0 hand axe of electrocution.
You die...
Terence says, "Rest in peace."

#..# #.##§#..# #.#.##
#.## #..#§#..# #....##
####.###
#.##§######.#.#.#
#......# #.#.. #....##(
#.#..#.# #.#._ #..###..
#. ##.#.# #.#.. #.......
#. ##..# .######
#.##.##. #
##...###......###.######
#......@......#.......#
#..#.###@#######.#.###.#
#..... #.# #....##.#
##.#.. #.# #....##.#
#.#.. #.# #....##.## .
......# #.#....... ## ..
.## #......<#. .. .
#......####. ..
...###.##....


You could see Terence.

Vanquished Creatures
  2 adders (D:2)
  2 dart slugs
  A ribbon worm (D:2)
  An orc (D:3)
  4 bats
  4 endoplasms
  4 giant cockroaches
  3 goblins (D:1)
  5 hobgoblins (D:2)
  9 kobolds
  A quokka (D:1)
  4 ball pythons
  4 frilled lizards
  6 rats
50 creatures vanquished.

Vanquished Creatures (others)
  13 foxfires
13 creatures vanquished.

Grand Total: 63 creatures vanquished

Notes
Turn   | Place    | Note
-------+----------+-------------------------------------------
     0 | D:1      | Colgate the Demonspawn Cinder Acolyte began the quest for
                  | the Orb.
     0 | D:1      | Reached XP level 1. HP: 18/18 MP: 2/2
   103 | D:1      | Reached skill level 3 in Polearms
   112 | D:1      | Gained mutation: You have a small tail. [demonic ancestry]
   112 | D:1      | Reached XP level 2. HP: 16/24 MP: 3/3
   767 | D:2      | Reached skill level 4 in Polearms
   767 | D:2      | Reached XP level 3. HP: 26/29 MP: 4/4
   859 | D:2      | Learned a level 2 spell: Scorch
   861 | D:2      | Learned a level 1 spell: Foxfire
  1123 | D:2      | Found a faded altar of an unknown god.
  1625 | D:2      | Reached XP level 4. HP: 30/35 MP: 5/5
  1743 | D:2      | Found Jaibb's Antique Armour Shop.
  2032 | D:3      | Found a hazy altar of Hepliaklqana.
  2064 | D:3      | Noticed Terence
  2078 | D:3      | Slain by Terence

Illustrated notes

Levels and vault maps discovered:
D:1:      minmay_arrival_five_plusses, layout_loops_cross,
          hangedman_decor_peaks_small, minmay_unequal
D:2:      layout_basic, serial_shops, nicolae_shop_behind_doors,
          shapermc_ecumenical_altar_starsandcircs, minmay_split_cup_large
D:3:      layout_loops_cross, nicolae_overflow_crystal_walls,
          nzn_hepliaklqana_mist_gate, mainiacjoe_overflow_six_doors_small,
          cheibrodos_gnoll_hut, uniq_terence

Skill      XL: |  1  2  3 |
---------------+----------+-----
Polearms       | 3 4 |  4.1
Fire Magic     | 3 |  3.3
Fighting       | |  3.0
Spellcasting   | |  1.0

Action                     |  1- 3 |  4- 6 || total
---------------------------+-------+-------++-------
  Melee: Spear             |   157 |    19 ||   176
         Punch             |     1 |       ||     1
         Tailslap          |    11 |     3 ||    14
   Cast: Foxfire           |     5 |     2 ||     7
         Scorch            |     2 |     1 ||     3
   Stab: Sleeping          |     2 |       ||     2
 Armour: Robe              |    74 |     9 ||    83
  Dodge: Dodged            |    67 |     5 ||    72
